 Dungeon Sprint DCSS version 0.29-a0-409-gd843f3a48c (webtiles) character file.

Game seed: 7220569379481266808

1555 mhtbhm the Protected (level 8, 0/123 HPs)
             Began as a Minotaur Fighter on May 14, 2022.
             Was an Initiate of Gozag.
             Succumbed to poison (poison gas)
             ... in the Dungeon (Sprint VII: "The Pits").
             The game lasted 00:02:04 (977 turns).

mhtbhm the Protected (Minotaur Fighter)              Turns: 977, Time: 00:02:04

Health: 0/123      AC: 15    Str: 23    XL:     8   Next: 58%
Magic:  7/7        EV:  9    Int:  5    God:    Gozag
Gold:   1422       SH:  6    Dex: 10    Spells: 7/7 levels left

rFire   . . .      SeeInvis .   a - +2 hand axe (vorpal)
rCold   . . .      Faith    .   c - +0 buckler
rNeg    . . .      Spirit   .   b - +3 chain mail
rPois   .          Reflect  .   (helmet restricted)
rElec   .          Harm     .   (no cloak)
rCorr   .          Rampage  .   (no gloves)
Will    .....      NoTele   +   (no boots)
Stlth   ..........              (no amulet)
HPRegen 0.30/turn               (no ring)
MPRegen 0.10/turn               (no ring)

@: berserking (expiring), lethally poisoned (0 -> -27), gold aura, very quick
A: horns 2, retaliatory headbutt
a: Renounce Religion, Potion Petition, Call Merchant, Bribe Branch


You were in the Dungeon.
You worshipped Gozag.
Gozag was most pleased with you.
You visited 1 branch You collected 1422 gold pieces.

Inventory:

Hand Weapons
 a - a +2 vorpal hand axe (weapon)
Armour
 b - a +3 chain mail (worn)
 c - a +0 buckler (worn)
Scrolls
 j - a scroll of blinking
 l - 5 scrolls of amnesia
 m - a scroll of summoning
Potions
 d - a potion of might
 e - 4 potions of curing
 f - 4 potions of heal wounds
 g - a potion of haste
 h - 4 potions of magic
 i - a potion of berserk rage
 k - 2 potions of invisibility


   Skills:
 + Level 11.1 Fighting
 + Level 12.2 Axes
 + Level 13.1 Armour
 + Level 3.7 Dodging
 + Level 10.7 Shields


You had 7 spell levels left.
You didn't know any spells.
Your spell library was empty.

Dungeon Overview and Level Annotations

Branches:
Dungeon (1/1)

Altars:
Ashenzari
Cheibriados
Dithmenos
Elyvilon
Fedhas
Gozag
Hepliaklqana
Kikubaaqudgha
Makhleb
Nemelex Xobeh
Okawaru
Qazlal
Ru
Sif Muna
Trog
Uskayaw
Vehumet
Wu Jian
Xom
Yredelemnul
Zin
The Shining One
Beogh
Jiyva
Lugonu


Innate Abilities, Weirdness & Mutations

You have a pair of horns on your head.
You reflexively headbutt those who attack you in melee.


Message History

You block the quasit's attack. x2; The quasit completely misses you.
You see here 207 gold pieces.
Unknown command.
Unknown command.
You feel a strong urge to attack something.
* * * LOW HITPOINT WARNING * * *
You feel extremely sick.
You completely miss the quasit.
The quasit is almost dead.
* * * LOW HITPOINT WARNING * * *
You feel very sick.
You closely miss the quasit. Your headbutt misses the quasit.
The quasit is almost dead.
* * * LOW HITPOINT WARNING * * *
You feel very sick. You block the quasit's attack. x2
The quasit claws you but does no damage.
You barely miss the quasit. Your headbutt misses the quasit.
The quasit is almost dead.
* * * LOW HITPOINT WARNING * * *
You feel very sick.
Unknown command.
You barely miss the quasit.
The quasit is almost dead.
* * * LOW HITPOINT WARNING * * *
You feel very sick. The quasit barely misses you.
The quasit claws you but does no damage.
The quasit barely misses you.
You miss the quasit.
The quasit is almost dead.
* * * LOW HITPOINT WARNING * * *
You feel very sick.
The quasit bites you but does no damage.
The quasit claws you but does no damage. x2
Unknown command.
You closely miss the quasit. Your headbutt misses the quasit.
The quasit is almost dead.
You die...
Your body crumbles into a pile of gold.

#.#........##.......#
#.#........##.......#
#'###########.......#
#..))...#☼☼ #########
#)###...#§######
#)#.....#.#....#
#.#...#.#'#....#
#.....#)#.'.$..+
#...###.#☼#°5@.#
#.......○○#°...#
################


You could see a quasit.

Vanquished Creatures
  A swamp dragon (D)
  A deep elf zephyrmancer (D)
  A black bear (D)
  Pargi (D)
  An ogre (D)
  A centaur (D)
  A necrophage (D)
  4 wights (D)
  A crimson imp (D)
  A jelly (D)
  2 adders (D)
  A river rat (D)
  A white imp (D)
  2 adder skeletons (D)
  An adder zombie (D)
  A giant cockroach (D)
  A hobgoblin (D)
  A jackal (D)
  A quokka (D)
  A ball python skeleton (D)
  A frilled lizard (D)
26 creatures vanquished.

Notes
Turn   | Place    | Note
-------+----------+-------------------------------------------
     0 | D        | mhtbhm the Minotaur Fighter began the quest for the Orb.
     0 | D        | Reached XP level 1. HP: 19/19 MP: 0/0
   101 | D        | Found a bloodstained altar of Trog.
   101 | D        | Found a shimmering blue altar of Sif Muna.
   101 | D        | Found a viscous altar of Jiyva.
   101 | D        | Found a hazy altar of Hepliaklqana.
   101 | D        | Found an opulent altar of Gozag.
   102 | D        | Found a glowing golden altar of the Shining One.
   102 | D        | Found a glowing silver altar of Zin.
   102 | D        | Found a basalt altar of Yredelemnul.
   102 | D        | Found a shimmering altar of Xom.
   102 | D        | Found an ornate altar of the Wu Jian Council.
   102 | D        | Found a sacrificial altar of Ru.
   102 | D        | Found a stormy altar of Qazlal.
   102 | D        | Found an iron altar of Okawaru.
   102 | D        | Found a sparkling altar of Nemelex Xobeh.
   102 | D        | Found a burning altar of Makhleb.
   102 | D        | Found a blossoming altar of Fedhas.
   102 | D        | Found a white marble altar of Elyvilon.
   102 | D        | Found a shadowy altar of Dithmenos.
   102 | D        | Found a snail-covered altar of Cheibriados.
   104 | D        | Found a radiant altar of Vehumet.
   104 | D        | Found a corrupted altar of Lugonu.
   105 | D        | Found a hide-covered altar of Uskayaw.
   105 | D        | Found an ancient bone altar of Kikubaaqudgha.
   105 | D        | Found a broken altar of Ashenzari.
   109 | D        | Became a worshipper of Gozag Ym Sagoz the Greedy
   154 | D        | Reached skill level 4 in Armour
   276 | D        | Noticed a necrophage
   286 | D        | Reached skill level 5 in Armour
   286 | D        | Reached XP level 2. HP: 25/28 MP: 1/1
   295 | D        | Reached skill level 5 in Fighting
   295 | D        | Reached skill level 5 in Shields
   296 | D        | Reached XP level 3. HP: 15/36 MP: 2/2
   303 | D        | Killed a necrophage
   304 | D        | Reached skill level 7 in Armour
   304 | D        | Reached XP level 4. HP: 10/44 MP: 3/3
   580 | D        | Noticed an ogre
   581 | D        | Noticed Pargi
   587 | D        | Killed an ogre
   588 | D        | Reached skill level 5 in Axes
   588 | D        | Reached skill level 8 in Armour
   588 | D        | Reached skill level 1 in Dodging
   588 | D        | Reached XP level 5. HP: 52/52 MP: 4/4
   595 | D        | Reached skill level 9 in Armour
   595 | D        | Reached XP level 6. HP: 62/62 MP: 5/5
   595 | D        | Killed Pargi
   605 | D        | Reached skill level 10 in Armour
   622 | D        | Reached XP level 7. HP: 31/70 MP: 6/6
   828 | D        | Noticed a deep elf zephyrmancer
   831 | D        | Killed a deep elf zephyrmancer
   832 | D        | Reached skill level 10 in Fighting
   832 | D        | Reached skill level 10 in Axes
   832 | D        | Reached skill level 12 in Armour
   832 | D        | Reached skill level 10 in Shields
   845 | D        | Reached XP level 8. HP: 80/80 MP: 7/7
   960 | D        | Noticed a swamp dragon
   969 | D        | Killed a swamp dragon
   970 | D        | Reached skill level 13 in Armour
   975 | D        | HP: 6/123 [poison (poison gas)]
   977 | D        | Succumbed to poison (poison gas)

Illustrated notes

Levels and vault maps discovered:
D:        pitsprint [storerooms_1, entrance_room_1, metal_vault_6, armoury_3,
          mini_pit_1, grid_room_1, main_hall_1, silver_pit, the_coven_1,
          the_vestibule_1, steel_vault_5, golden_pit, hallway_of_sentries,
          crystal_vault_6, iron_vault_2, final_vault]

Skill      XL: |  1  2  3  4  5  6  7  8 |
---------------+-------------------------+-----
Fighting       | 4 5 6 7 8 9 10 11 | 11.1
Armour         | 5 7 8 9 10 12 13 | 13.1
Shields        | 4 5 6 7 8 9 10 | 10.7
Axes           | 3 4 5 6 9 11 12 | 12.2
Dodging        | 1 2 3 |  3.7

Action                   |  1- 3 |  4- 6 |  7- 9 || total
-------------------------+-------+-------+-------++-------
Melee: Hand axe          |    31 |    26 |    29 ||    86
       Headbutt          |     6 |     2 |     4 ||    12
       War axe           |     2 |       |       ||     2
  Use: Potion            |     2 |     2 |     2 ||     6
Armor: Scale mail        |    15 |       |       ||    15
       Chain mail        |       |    19 |    38 ||    57
Dodge: Dodged            |    12 |    12 |    16 ||    40
Block: Buckler           |    10 |    13 |    13 ||    36

Table legend: (Time is in decaauts)
 A = Elapsed time spent in this place.
 B = Non-inter-level travel time spent in this place.
 C = Inter-level travel time spent in this place.
 D = Time resting spent in this place.
 E = Time spent auto-exploring this place.
 F = Levels seen in this place.
 G = Mean time per level.
                   A        B        C        D        E       F      G
               +--------+--------+--------+--------+--------+-----+--------+
         Total |    981 |    981 |      0 |    622 |     63 |   1 |  981.0 |
       Dungeon |    981 |    981 |      0 |    622 |     63 |   1 |  981.0 |
               +--------+--------+--------+--------+--------+-----+--------+

Top non-repeatable levels by time:
       D: 981 daAuts
